 Dungeon Crawl Stone Soup version 0.21.1-1-g345015f (webtiles) character file.

46057 troglodite the Fighter (level 14, -2/115 HPs)
             Began as a Demonspawn Berserker on Apr 23, 2018.
             Was the Champion of Trog.
             Slain by a six-headed hydra (6 damage)
             ... on level 4 of the Lair of Beasts.
             The game lasted 00:51:45 (18111 turns).

troglodite the Fighter (Demonspawn Berserker)      Turns: 18111, Time: 00:51:46

Health: -2/115     AC: 10    Str: 17    XL:     14   Next: 3%
Magic:  0/14       EV: 16    Int:  8    God:    Trog [******]
Gold:   1524       SH:  5    Dex: 19    Spells: 13/13 levels left

rFire    x . .     SeeInvis .   q - +3 scimitar (flame)
rCold    + . .     Gourm    .   N - -1 buckler "Darronuish" {MR+ Regen+}
rNeg     . . .     Faith    .   I - +4 troll leather armour {Snorg}
rPois    .         Spirit   +   E - +1 hat
rElec    .         Reflect  .   (no cloak)
rCorr    .         Harm     .   (no gloves)
MR       ++...                  (boots unavailable)
Stlth    +++++.....             o - amulet of guardian spirit
HPRegen  1.09/turn              J - ring of ice
MPRegen  0.14/turn              (no ring)

@: berserk cooldown, slowed, very slow
A: claws 2, horns 2, talons 3, nightstalker 1, powered by pain 2
a: Berserk, Trog's Hand, Brothers in Arms, Burn Spellbooks, Renounce Religion


You were on level 4 of the Lair of Beasts.
You worshipped Trog.
Trog was exalted by your worship.
You were very hungry.

You visited 3 branches of the dungeon, and saw 17 of its levels.
You also visited: Labyrinth.

You collected 1812 gold pieces.
You spent 288 gold pieces at shops.

Inventory:

Hand Weapons
 a - the +5 falchion "Eli Xaetz" {protect, rPois rN+ SInv}
   (You bought it in a shop on level 2 of the Orcish Mines)

   It protects the one who uses it against injury (+AC on strike).
   It protects you from poison.
   It protects you from negative energy.
   It lets you see invisible.
 q - a +3 scimitar of flaming (weapon)
 D - a +5 scimitar of freezing
Armour
 j - a +0 plate armour
 y - a +1 scale mail of cold resistance
 E - a +1 hat (worn)
 I - a +4 troll leather armour (worn) {Snorg}
 N - the -1 buckler "Darronuish" (worn) {MR+ Regen+}
   (You found it in a labyrinth)

   It affects your resistance to hostile enchantments.
   It increases your rate of regeneration.
Jewellery
 o - an amulet of guardian spirit (around neck)
 J - a ring of ice (left claw)
 L - an uncursed ring of poison resistance
Wands
 u - a wand of disintegration (23)
 v - a wand of random effects (37)
 F - a wand of flame (76)
 G - a wand of iceblast (7)
 K - a wand of digging (3)
Scrolls
 e - 6 scrolls of remove curse
 f - a scroll of noise
 g - a scroll of enchant armour
 k - 3 scrolls of fear
 l - 12 scrolls of identify
 m - 3 scrolls of teleportation
 B - a scroll of blinking
 M - a scroll of fog {unknown}
Potions
 b - 2 potions of brilliance
 h - 4 potions of agility
 i - a potion of resistance
 n - a potion of cancellation
 p - 2 potions of heal wounds
 r - 2 potions of lignification
 t - a potion of mutation
 x - 2 potions of haste
 z - a potion of might
 A - a potion of flight
 C - 2 potions of curing
 H - 2 potions of ambrosia
Comestibles
 c - 32 rations
 d - 5 chunks of flesh


   Skills:
 * Level 12.0 Fighting
 + Level 11.9 Long Blades
 * Level 10.5 Armour
 + Level 5.9 Dodging
 * Level 9.3 Stealth
 * Level 7.5 Shields


You had 13 spell levels left.
You didn't know any spells.

Dungeon Overview and Level Annotations

Branches:
Dungeon (11/15)            Temple (0/1) D:4            Lair (4/6) D:8
 Shoals (0/4) Lair:4        Snake (0/4) Lair:2          Orc (2/2) D:10
    Elf (0/3) Orc:2

Altars:
Cheibriados
Dithmenos
Fedhas
Gozag
Hepliaklqana
Okawaru
Sif Muna
Uskayaw

Shops:
D:4 [   D:10 [   Orc:2 %=*?(

Portals:
Ice
Cave: Lair:4


Innate Abilities, Weirdness & Mutations

You have very sharp fingernails.
You have a pair of horns on your head.
You have claws for feet.
You are slightly more attuned to the shadows.
You sometimes gain power by taking damage.


Message History

The six-headed hydra bites you. The six-headed hydra bites you!
The six-headed hydra bites you but does no damage.
The two-headed hydra closely misses you.
The two-headed hydra barely misses you.
You completely miss the two-headed hydra.
You claw the two-headed hydra. You headbutt the two-headed hydra.
The two-headed hydra is severely wounded.
The six-headed hydra barely misses you.
The six-headed hydra closely misses you.
The six-headed hydra bites you! x2
* * * LOW HITPOINT WARNING * * *
The six-headed hydra bites you.
* * * LOW HITPOINT WARNING * * *
The six-headed hydra bites you!
* * * LOW HITPOINT WARNING * * *
The two-headed hydra bites you!
* * * LOW HITPOINT WARNING * * *
The two-headed hydra bites you but does no damage.
The six-headed hydra bites you!
You die...

.........#,,,,,,,,*,,,,,,,*****
.........#,,,,,,,,,,,,,,,,,,,,*
#.......##≈.....#.∩,#..,,,,,,,*
..#....##≈≈,...........*,,,,,,*
.##...##≈≈≈≈#.....#..#***,*****
.....##≈≈≈≈##.......P# ***
.....#≈≈≈≈≈#.......P**
...#.#≈≈≈≈*##..DD.##**##
.....#≈≈≈≈*#....@..###.##
.....##≈≈**##...........##
......######...P.P†......#
.......#*....P...†.)....#*
...†.h.##*##........†#.##
...<....####P...####....#
#.#††..t.#.........(...##
.(#.####........##.....#* ..†.#
#.......#.#....#.#


You could see a six-headed hydra and a two-headed hydra.

Vanquished Creatures
  Gastronok (D:8)
  A minotaur (Lab)
  Snorg (D:10)
  4 ogre magi (Orc:2)
  Harold (D:10)
  A hydra (D:11)
  Erica (D:10)
  14 two-headed ogres
  Sonja (Lair:1)
  2 orc knights
  An ugly thing (D:11)
  A cyclops (Orc:2)
  A merfolk siren (Lair:4)
  4 black mambas
  3 elephants (Lair:4)
  9 spiny frogs
  Psyche (D:10)
  A komodo dragon (Lair:4)
  A troll (Orc:1)
  A queen bee (Lair:3)
  7 blink frogs
  2 hippogriffs (Lair:3)
  Sigmund (D:2)
  A shadow (D:11)
  A wyvern (Lair:4)
  4 hogs (D:8)
  32 yaks
  2 hungry ghosts
  A human (D:8)
  The ghost of emiel the Chopper, an amateur BaHu (D:5)
  2 basilisks
  3 wargs
  A naga (Lair:2)
  Edmund (D:4)
  9 water moccasins
  5 porcupines
  9 orc warriors
  3 sky beasts
  An eye of draining (D:10)
  26 wolves
  2 centaurs
  33 ogres
  2 phantoms
  6 crocodiles
  Blork the orc (D:4)
  13 bullfrogs
  5 scorpions
  20 killer bees
  8 wights (D:8)
  2 crimson imps (D:9)
  A howler monkey (D:4)
  4 bullfrog zombies
  A centaur zombie (D:6)
  5 hounds
  5 jellies
  An iguana (D:6)
  9 orc priests
  16 orc wizards
  2 centaur skeletons (D:4)
  A gnoll shaman (D:10)
  Natasha (thrice) (D:3)
  4 hell rats (Lair:3)
  7 worker ants
  A hound zombie (D:10)
  A hound skeleton (D:6)
  2 worker ant zombies
  Robin (D:4)
  17 gnolls
  A howler monkey skeleton (D:4)
  9 adders
  2 shadow imps
  3 oozes
  An adder zombie (D:8)
  3 adder skeletons
  5 dart slugs
  3 leopard geckos
  52 orcs
  4 giant cockroaches
  13 goblins
  7 hobgoblins
  6 jackals
  9 quokkas
  2 ball pythons (D:3)
  4 bats
  4 frilled lizards
  7 kobolds
  2 leopard gecko skeletons (D:4)
  A quokka skeleton (D:10)
  9 rats
482 creatures vanquished.

Vanquished Creatures (collateral kills)
  5 killer bees (Lair:3)
5 creatures vanquished.

Vanquished Creatures (others)
  A leopard gecko (D:10)
  4 fungi (Lair:4)
  5 plants (Lair:4)
10 creatures vanquished.

Grand Total: 497 creatures vanquished

Notes
Turn   | Place    | Note
-------+----------+-------------------------------------------
     0 | D:1      | troglodite the Demonspawn Berserker began the quest for the Orb.
     0 | D:1      | Reached XP level 1. HP: 18/18 MP: 1/1
   138 | D:1      | Gained mutation: You sometimes gain a little power by taking damage. [demonic ancestry]
   138 | D:1      | Reached XP level 2. HP: 17/24 MP: 2/2
   977 | D:2      | Gained mutation: You have a pair of small horns on your head. [demonic ancestry]
   977 | D:2      | Reached XP level 3. HP: 27/29 MP: 3/3
  1428 | D:2      | Reached XP level 4. HP: 37/37 MP: 4/4
  1445 | D:2      | Noticed Sigmund
  1457 | D:2      | Killed Sigmund
  1457 | D:2      | Reached ** piety under Trog
  1457 | D:2      | Reached skill level 4 in Fighting
  1457 | D:2      | Gained mutation: You are slightly more attuned to the shadows. [demonic ancestry]
  1457 | D:2      | Reached XP level 5. HP: 43/43 MP: 5/5
  1707 | D:2      | Gained mutation: You have sharp toenails. [demonic ancestry]
  1707 | D:2      | Reached XP level 6. HP: 25/49 MP: 6/6
  2176 | D:3      | Noticed Natasha
  2181 | D:3      | Killed Natasha
  2371 | D:3      | Noticed Natasha
  2378 | D:3      | Killed Natasha
  2539 | D:3      | Noticed Natasha
  2545 | D:3      | Killed Natasha
  2590 | D:3      | Reached skill level 1 in Stealth
  2719 | D:3      | Noticed a hand axe
  2720 | D:3      | Found a hide-covered altar of Uskayaw.
  2720 | D:3      | Noticed a dagger
  3107 | D:4      | Reached skill level 5 in Fighting
  3111 | D:4      | Gained mutation: You have sharp fingernails. [demonic ancestry]
  3111 | D:4      | Reached XP level 7. HP: 51/56 MP: 7/7
  3160 | D:4      | Found a staircase to the Ecumenical Temple.
  3224 | D:4      | Reached *** piety under Trog
  3294 | D:4      | Noticed Robin
  3305 | D:4      | Killed Robin
  3398 | D:4      | Noticed Edmund
  3415 | D:4      | HP: 1/84 [Edmund/flail of holy wrath (4)]
  3416 | D:4      | Killed Edmund
  3416 | D:4      | Reached skill level 5 in Long Blades
  4081 | D:4      | Noticed Blork the orc
  4088 | D:4      | Killed Blork the orc
  4088 | D:4      | Reached XP level 8. HP: 63/63 MP: 8/8
  4189 | D:4      | Found Tyki's Armour Shop.
  4223 | D:5      | Entered Level 5 of the Dungeon
  4238 | D:5      | Reached skill level 5 in Armour
  4283 | D:5      | Found a snail-covered altar of Cheibriados.
  4551 | D:5      | Noticed emiel's ghost (amateur BaHu)
  4560 | D:5      | Killed emiel's ghost
  5383 | D:6      | Reached skill level 6 in Fighting
  5390 | D:6      | Reached **** piety under Trog
  5708 | D:6      | Gained mutation: You have razor-sharp toenails. [demonic ancestry]
  5708 | D:6      | Reached XP level 9. HP: 46/69 MP: 9/9
  5729 | D:6      | Reached skill level 1 in Shields
  6764 | D:7      | Found a blossoming altar of Fedhas.
  7612 | D:8      | Reached skill level 7 in Fighting
  7836 | D:8      | Reached ***** piety under Trog
  7863 | D:8      | Found a staircase to the Lair.
  7900 | D:8      | Gained mutation: You have claws for feet. [demonic ancestry]
  7900 | D:8      | Reached XP level 10. HP: 79/79 MP: 10/10
  8042 | D:8      | Noticed Gastronok
  8068 | D:8      | Killed Gastronok
  8068 | D:8      | Reached skill level 8 in Fighting
  8068 | D:8      | Reached skill level 5 in Stealth
  8496 | D:9      | Found an opulent altar of Gozag.
  8859 | D:9      | Found a faded altar of an unknown god.
  8865 | D:9      | Found an iron altar of Okawaru.
  8868 | D:9      | Found a deep blue altar of Sif Muna.
  8870 | D:9      | Found a hazy altar of Hepliaklqana.
  8873 | D:9      | Found a shadowy altar of Dithmenos.
  9124 | D:10     | Entered Level 10 of the Dungeon
  9124 | D:10     | Noticed Erica
  9141 | D:10     | Killed Erica
  9141 | D:10     | Gained mutation: You have a pair of horns on your head. [demonic ancestry]
  9141 | D:10     | Reached XP level 11. HP: 19/87 MP: 11/11
  9530 | D:10     | Received a gift from Trog
  9565 | D:10     | Found Ijawyub's Armour Shop.
  9565 | D:10     | Found a staircase to the Orcish Mines.
  9969 | D:10     | Noticed Snorg
  9979 | D:10     | Killed Snorg
 10029 | D:10     | Noticed Psyche
 10038 | D:10     | Killed Psyche
 10129 | D:10     | Noticed Harold
 10141 | D:10     | Killed Harold
 10141 | D:10     | Reached skill level 9 in Fighting
 10389 | D:11     | Found a labyrinth entrance.
 10397 | Lab      | Entered a labyrinth
 11782 | Lab      | Noticed a minotaur
 11791 | Lab      | Killed a minotaur
 11800 | Lab      | Got a transparent ring mail
 11800 | Lab      | Got a twisted buckler
 11811 | Lab      | Identified the cursed +0 ring mail of Wolem {*Slow rN++ Int+4} (You found it in a labyrinth)
 11821 | Lab      | Identified the -1 buckler "Darronuish" {MR+ Regen+} (You found it in a labyrinth)
 12637 | D:11     | Noticed a two-headed ogre
 12642 | D:11     | Killed a two-headed ogre
 12642 | D:11     | Reached skill level 5 in Shields
 12803 | D:11     | Noticed a cyan ugly thing
 12810 | D:11     | Killed a cyan ugly thing
 12846 | D:11     | Noticed an eight-headed hydra
 12855 | D:11     | Killed a three-headed hydra
 12945 | D:11     | Noticed a two-headed ogre
 12951 | D:11     | Killed a two-headed ogre
 13357 | Orc:1    | Entered Level 1 of the Orcish Mines
 13518 | Orc:2    | Entered Level 2 of the Orcish Mines
 13518 | Orc:2    | Found Gyjyivy's Food Boutique.
 13519 | Orc:2    | Noticed an orc knight
 13532 | Orc:2    | Killed an orc knight
 13532 | Orc:2    | Gained mutation: You have very sharp fingernails. [demonic ancestry]
 13532 | Orc:2    | Reached XP level 12. HP: 97/97 MP: 9/12
 13534 | Orc:2    | Found a staircase to the Elven Halls.
 13698 | Orc:2    | Received a gift from Trog
 13913 | Orc:2    | Noticed a two-headed ogre
 13914 | Orc:2    | Noticed a two-headed ogre
 13914 | Orc:2    | Noticed a two-headed ogre
 13914 | Orc:2    | Noticed a two-headed ogre
 13914 | Orc:2    | Noticed a two-headed ogre
 13919 | Orc:2    | Noticed an ogre mage
 13919 | Orc:2    | Noticed an ogre mage
 13919 | Orc:2    | Killed a two-headed ogre
 13919 | Orc:2    | Reached skill level 10 in Fighting
 13919 | Orc:2    | Reached skill level 10 in Long Blades
 13921 | Orc:2    | Killed a two-headed ogre
 13922 | Orc:2    | Noticed a two-headed ogre
 13923 | Orc:2    | Killed a two-headed ogre
 13924 | Orc:2    | Noticed an ogre mage
 13925 | Orc:2    | Killed a two-headed ogre
 13927 | Orc:2    | Noticed an ogre mage
 13927 | Orc:2    | Killed a two-headed ogre
 13930 | Orc:2    | Noticed a two-headed ogre
 13930 | Orc:2    | Killed an ogre mage
 13934 | Orc:2    | Killed a two-headed ogre
 14066 | Orc:2    | Killed an ogre mage
 14104 | Orc:2    | Noticed a two-headed ogre
 14116 | Orc:2    | Killed a two-headed ogre
 14126 | Orc:2    | Killed an ogre mage
 14149 | Orc:2    | Killed an ogre mage
 14188 | Orc:2    | Noticed a two-headed ogre
 14194 | Orc:2    | Noticed a two-headed ogre
 14198 | Orc:2    | Killed a two-headed ogre
 14203 | Orc:2    | Killed a two-headed ogre
 14221 | Orc:2    | Noticed a two-headed ogre
 14228 | Orc:2    | Killed a two-headed ogre
 14228 | Orc:2    | Reached skill level 5 in Dodging
 14228 | Orc:2    | Reached XP level 13. HP: 69/105 MP: 8/13
 14261 | Orc:2    | Found Refeko's General Store.
 14261 | Orc:2    | Found Hytas's Jewellery Shoppe.
 14263 | Orc:2    | Found Gisez's Antique Weapon Emporium.
 14263 | Orc:2    | Found Hirghuroi's Magic Scroll Boutique.
 14272 | Orc:2    | Bought a shimmering falchion for 288 gold pieces
 14272 | Orc:2    | Identified the +5 falchion "Eli Xaetz" {protect, rPois rN+ SInv} (You bought it in a shop on level 2 of the Orcish Mines)
 14405 | Orc:2    | Reached skill level 11 in Fighting
 14996 | Orc:1    | Reached skill level 10 in Armour
 15266 | Lair:1   | Entered Level 1 of the Lair of Beasts
 15358 | Lair:1   | Received a gift from Trog
 16281 | Lair:1   | Noticed Sonja
 16291 | Lair:1   | Killed Sonja
 16687 | Lair:2   | Found a staircase to the Snake Pit.
 17269 | Lair:3   | Received a gift from Trog
 17752 | Lair:3   | Received a gift from Trog
 18000 | Lair:4   | Reached ****** piety under Trog
 18094 | Lair:4   | Gained mutation: You sometimes gain power by taking damage. [demonic ancestry]
 18094 | Lair:4   | Reached XP level 14. HP: 114/114 MP: 9/14
 18100 | Lair:4   | Reached skill level 12 in Fighting
 18106 | Lair:4   | Found a frozen archway.
 18111 | Lair:4   | HP: 4/115 [two-headed hydra (11)]
 18111 | Lair:4   | Slain by a six-headed hydra

Skill      XL: |  1  2  3  4  5  6  7  8  9 10 11 12 13 14 |
---------------+-------------------------------------------+-----
Long Blades    | 3 4 5 6 7 8 9 11 | 11.9
Armour         | 2 3 4 6 7 8 9 10 | 10.5
Dodging        | 2 3 4 5 |  5.9
Fighting       | 4 5 6 7 8 9 10 11 12 | 12.0
Stealth        | 1 2 3 4 5 7 8 9 |  9.3
Shields        | 2 4 5 6 7 |  7.5

Action                   |  1- 3 |  4- 6 |  7- 9 | 10-12 | 13-15 || total
-------------------------+-------+-------+-------+-------+-------++-------
Melee: Falchion          |    98 |   117 |   335 |       |   470 ||  1020
       Headbutt          |    10 |    22 |    95 |    80 |   142 ||   349
       Kick              |       |    28 |   162 |   141 |   232 ||   563
       Scimitar          |       |       |     9 |   331 |     5 ||   345
Invok: Berserk           |     2 |     4 |    13 |    10 |     6 ||    35
       Burn Spellbooks   |       |       |       |     4 |     2 ||     6
       Brothers in Arms  |       |       |       |       |     1 ||     1
  Use: Scroll            |       |       |     8 |    14 |     4 ||    26
       Potion            |       |       |     1 |     2 |       ||     3
 Stab: Sleeping          |       |       |     4 |    11 |    16 ||    31
       Distracted        |       |       |       |     3 |     1 ||     4
  Eat: Chunk             |     4 |     9 |    20 |    24 |    17 ||    74
       Ration            |       |       |     2 |     2 |       ||     4
Armor: Animal skin       |     8 |       |       |       |       ||     8
       Plate armour      |    52 |    95 |   129 |       |       ||   276
       Scale mail        |       |       |    58 |    22 |       ||    80
       Troll leather arm |       |       |       |    62 |   146 ||   208
Dodge: Dodged            |    55 |    34 |   140 |   176 |   331 ||   736
Block: Buckler           |       |       |    48 |    58 |   106 ||   212
       Rpst.: Falchion   |    19 |     8 |    36 |       |   106 ||   169
       Scimitar          |       |       |     3 |    44 |     1 ||    48
